 Dungeon Crawl Stone Soup version 0.32-a0-391-gce5c0aab1b (webtiles) character file.

Game seed: 4540015379227773446

100 ytrimaz the Slasher (level 4, -5/33 HPs)
             Began as a Coglin Gladiator on Feb 19, 2024.
             Killed from afar by an orc wizard (7 damage)
             ... with a magic dart
             ... on level 2 of the Dungeon.
             The game lasted 00:01:13 (798 turns).

ytrimaz the Slasher (Coglin Gladiator)               Turns: 798, Time: 00:01:14

Health: -5/33      AC:  5    Str: 12 (15) XL:     4   Next: 74%
Magic:  4/4        EV: 12    Int:  6 (7)  God:
Gold:   65         SH:  0    Dex: 16 (17) Spells: 3/3 levels left

rFire   + . .        a - +0 long sword {Rafael}
rCold   + . .        g - +0 short sword {Appia}
rNeg    . . .        b - +0 leather armour
rPois   +            c - +0 helmet
rElec   +            (no cloak)
rCorr   +            (no gloves)
SInv    .            k - +0 pair of boots
Will    .....        (no amulet)
Stlth   +            i - ring of flight
HPRegen 0.25/turn    (no ring)
MPRegen 0.09/turn

%: no passive effects
@: confused, resistant, flying, revved, stiff-legged, very slow
A: off-hand wielding, slow wielding, warmup strikes, warmup strides
a: no special abilities


You were on level 2 of the Dungeon.
You visited 1 branch of the dungeon, and saw 2 of its levels.

You collected 65 gold pieces.


Innate Abilities, Weirdness & Mutations

You can wield a second weapon in your off-hand.
It takes a long time for you to wield or remove held weapons.
Your first few attacks do less damage.
Your first movements take longer.


   Skills:
 - Level 2.0 Fighting
 + Level 5.3 Long Blades
 - Level 1.7 Throwing
 - Level 2.6 Dodging


You had 3 spell levels left.
You didn't know any spells.
Your spell library contained the following spells:

 Spells                   Type           Power      Damage    Failure   Level
 Hailstorm                Conj/Ice       0%         3d5       88%         3
 Summon Ice Beast         Ice/Summ       0%         N/A       88%         3
 Sculpt Simulacrum        Ice/Alch       0%         N/A       100%        6

Inventory:

Hand Weapons
 a - a +0 long sword (weapon) {Rafael}
 g - a +0 short sword (worn) {Appia}
   (You took it off a kobold on level 1 of the Dungeon)
Missiles
 d - 3 throwing nets (quivered)
 e - a javelin
Armour
 b - a +0 leather armour (worn)
 c - a +0 helmet (worn)
 k - a +0 pair of boots (worn)
   (You found it on level 1 of the Dungeon)
Jewellery
 i - a ring of flight (left grasper)
   (You found it on level 1 of the Dungeon)
Scrolls
 j - a scroll of identify {unknown}

Dungeon Overview and Level Annotations

Branches:
Dungeon (2/15) Zot: 11163

Altars:

#. #r# #.# ######.#
# ##......# ...
#.......######.....
.......Jg{@........
.......Bo##########
.........#
.r.......#
.........#
.........#
.........#
...B.....#
.......B.#


You could see an orc, an endoplasm, a giant cockroach and a hobgoblin.


Message History

You barely miss something with your +0 long sword.
Something hits you but does no damage.
Unknown command.
You miss something with your +0 short sword.
You completely miss something with your +0 long sword.
Something hits you but does no damage.
You miss something with your +0 long sword.
You closely miss something with your +0 short sword.
Something hits you.
Unknown command.
You barely miss something with your +0 short sword.
You miss something with your +0 long sword.
Something hits you but does no damage.
Unknown command.
You slash something with your +0 long sword!
Reactivating autopickup.
You feel a bit more experienced.
You miss the quokka with your +0 short sword.
You hit the quokka with your +0 long sword.
The quokka closely misses you. The quokka bites you.
* * * LOW HITPOINT WARNING * * *
Unknown command. 😨 HP[-4]
You take 4 damage, and now have 14/33 hp.
You slash the quokka with your +0 long sword!
You kill the quokka!
The orc wizard mumbles some strange words.
The orc wizard flickers and vanishes!
Deactivating autopickup; reactivate with Ctrl-A. 😨 HP[+1] Unknown command.
Something hits you.
* * * LOW HITPOINT WARNING * * *
Something hits you.
* * * LOW HITPOINT WARNING * * *
A giant cockroach comes into view.
Items here: )) [ ††††. 😨 HP[-3]
You take 3 damage, and now have 12/33 hp.
Unknown command.
You barely miss something with your +0 long sword.
You closely miss something with your +0 short sword.
The endoplasm jiggles.
You hear some strange, mumbled words.
A puff of flame appears from out of thin air!
The puff of flame hits you!
* * * LOW HITPOINT WARNING * * *
😱 HP[-9]
You take 9 damage, and now have 3/33 hp.
MASSIVE DAMAGE!! (PAUSE) Unknown command.
It was a potion of magic.
Magic courses through your body. Something hits you.
* * * LOW HITPOINT WARNING * * *
It was a potion of resistance.
You feel protected. Something hits you but does no damage.
It was a potion of degeneration.
There was something very wrong with that liquid.
You feel weakened.
You feel dopey.
You feel clumsy. Something hits you.
* * * LOW HITPOINT WARNING * * *
😱 HP[-1]
You take 1 damage, and now have 2/33 hp.
You hit something with your +0 short sword.
You closely miss something with your +0 long sword.
Something hits you.
* * * LOW HITPOINT WARNING * * *
😱 HP[-1]
You take 1 damage, and now have 1/33 hp.
Unknown command.
You hit something with your +0 long sword.
You hit something with your +0 short sword.
You hear some strange, mumbled words.
You are confused. 😱 HP[+1] Unknown command.
Unknown command.
You barely miss something with your +0 short sword.
You closely miss something with your +0 long sword.
Something hits you.
* * * LOW HITPOINT WARNING * * *
😱 HP[-1]
You take 1 damage, and now have 1/33 hp.
Unknown command.
You barely miss something with your +0 short sword.
You barely miss something with your +0 long sword.
Something hits you but does no damage.
Unknown command.
You bump into the rock wall.
Something hits you but does no damage.
Unknown command.
Unknown command.
You barely miss something with your +0 long sword.
You hit something but do no damage.
Something hits you but does no damage. 😱 HP[+1]
You miss something with your +0 short sword.
You closely miss something with your +0 long sword.
You hear some strange, mumbled words.
A magic dart appears from out of thin air!
The magic dart hits you!
You die...

Skill      XL: |  1  2  3  4 |
---------------+-------------+-----
Long Blades    | 4 5 |  5.3
Fighting       | |  2.0
Throwing       | |  1.7
Dodging        | |  2.6

Action                     |  1- 3 |  4- 6 || total
---------------------------+-------+-------++-------
  Melee: Long sword        |    51 |    35 ||    86
         Short sword       |    43 |    32 ||    75
    Use: Scroll            |     1 |       ||     1
         Potion            |       |     3 ||     3
 Armour: Leather armour    |    42 |    36 ||    78
  Dodge: Dodged            |    46 |    11 ||    57

Levels and vault maps discovered:
D:1:      ncdulo_watergridlock, layout_loops_cross, minmay_circled_x
D:2:      layout_rooms, uniq_terence

Notes
Turn   | Place    | Note
-------+----------+-------------------------------------------
     0 | D:1      | ytrimaz the Coglin Gladiator began the quest for the Orb.
     0 | D:1      | Reached XP level 1. HP: 16/16 MP: 1/1
     0 | D:1      | magus.rc [v1.9.6]
    42 | D:1      | You pick up a book of the Tundra and begin reading...
    42 | D:1      | You add the spells Hailstorm, Summon Ice Beast and Sculpt
                  | Simulacrum to your library.
    69 | D:1      | Reached XP level 2. HP: 22/22 MP: 2/2
   153 | D:1      | Reached skill level 4 in Long Blades
   158 | D:1      | Reached XP level 3. HP: 19/27 MP: 3/3
   599 | D:1      | Reached XP level 4. HP: 22/33 MP: 4/4
   770 | D:2      | Reached skill level 5 in Long Blades
   788 | D:2      | HP: 3/33 [something/puff of flame (9)]
   792 | D:2      | HP: 1/33 [something (1)]
   798 | D:2      | Killed from afar by an orc wizard

Vanquished Creatures
  An orc wizard (D:2)
  3 dart slugs (D:1)
  2 ribbon worms (D:2)
  4 endoplasms
  2 goblins
  3 hobgoblins (D:1)
  4 jackals (D:1)
  5 quokkas
  4 ball pythons
  3 bats (D:1)
  2 frilled lizards (D:1)
  A kobold (D:1)
  3 rats (D:1)
37 creatures vanquished.

Vanquished Creatures (others)
  A rat (D:1)
1 creature vanquished.

Grand Total: 38 creatures vanquished

Table legend:
 A = Non-vault XP
 B = Vault XP
 C = Vault XP percentage of total XP
 D = Non-vault monster count
 E = Vault monster count
 F = Vault count percentage of total count
                 A         B        C        D         E       F
            +---------+---------+-------+---------+---------+-------
      Total |     131 |      13 |   9.0 |      34 |       4 |  10.5
            +---------+---------+-------+---------+---------+-------
        D:1 |      71 |      13 |  15.5 |      26 |       4 |  13.3
        D:2 |      60 |       0 |   0.0 |       8 |       0 |   0.0
            +---------+---------+-------+---------+---------+-------

Skill      XL: |  1  2  3  4 |
---------------+-------------+-----
Long Blades    | 4 5 |  5.3
Fighting       | |  2.0
Throwing       | |  1.7
Dodging        | |  2.6

Action                     |  1- 3 |  4- 6 || total
---------------------------+-------+-------++-------
  Melee: Long sword        |    51 |    35 ||    86
         Short sword       |    43 |    32 ||    75
    Use: Scroll            |     1 |       ||     1
         Potion            |       |     3 ||     3
 Armour: Leather armour    |    42 |    36 ||    78
  Dodge: Dodged            |    46 |    11 ||    57

Illustrated notes

Table legend:
 A = Kills in this place as a percentage of kills in the entire game.
 B = Kills by you in this place as a percentage of kills by you in the entire game.
 C = Kills by friends in this place as a percentage of kills by friends in the entire game.
 D = Other kills in this place as a percentage of other kills in the entire game.
 E = Experience gained in this place as a percentage of experience gained in the entire game.
 F = Experience gained in this place divided by the number of levels of this place that you have seen.
                   A       B       C       D       E      F
               +-------+-------+-------+-------+-------+----------------------
         Total | 100.0 | 100.0 |   N/A | 100.0 | 100.0 |  72.0
       Dungeon | 100.0 | 100.0 |   N/A | 100.0 | 100.0 |  72.0
               +-------+-------+-------+-------+-------+----------------------

Table legend: (Time is in decaauts)
 A = Elapsed time spent in this place.
 B = Non-inter-level travel time spent in this place.
 C = Inter-level travel time spent in this place.
 D = Time resting spent in this place.
 E = Time spent auto-exploring this place.
 F = Levels seen in this place.
 G = Mean time per level.
                   A        B        C        D        E       F      G
               +--------+--------+--------+--------+--------+-----+--------+
         Total |    836 |    816 |     20 |      0 |    552 |   2 |  418.0 |
       Dungeon |    836 |    816 |     20 |      0 |    552 |   2 |  418.0 |
               +--------+--------+--------+--------+--------+-----+--------+

Top non-repeatable levels by time:
     D:1: 776 daAuts
     D:2: 60 daAuts
